 Dungeon Sprint DCSS version 0.23.2-1-ga50397a6bc (webtiles) character file.

Game seed: 5563591244003495994

3800000 CedricTheThird the Axe Maniac (level 22, -8/233 HPs)
             Began as a Minotaur Gladiator on May 10, 2019.
             Was a High Priest of Makhleb.
             Mangled by a destroyer
             ... wielding a +9 great sword of slicing
              (53 damage)
             ... in the Dungeon (Sprint VIII: "Arena of Blood").
             The game lasted 00:03:54 (38 turns).

CedricTheThird the Axe Maniac (Minotaur Gladiator)    Turns: 38, Time: 00:03:55

Health: -8/233     AC:  6    Str: 29    XL:     22   Next: 30%
Magic:  20/52      EV: 28    Int:  5    God:    Makhleb [*****.]
Gold:   0          SH:  0    Dex: 12    Spells: 75/75 levels left

rFire    . . .     SeeInvis .   l - +∞ Axe of Woe
rCold    . . .     Gourm    .   (shield currently unavailable)
rNeg     . . .     Faith    .   b - +0 leather armour
rPois    .         Spirit   .   c - +0 hat
rElec    .         Reflect  .   (no cloak)
rCorr    .         Harm     .   (no gloves)
MR       +....     NoTele   +   (no boots)
Stlth    +++++++++.             (no amulet)
HPRegen  0.48/turn              a - +30 ring of slaying
MPRegen  0.33/turn              m - +30 ring of slaying

@: no status effects
A: retaliatory headbutt, horns 2
a: Minor Destruction, Lesser Servant of Makhleb, Major Destruction, Greater
Servant of Makhleb, Renounce Religion


You were in the Dungeon.
You worshipped Makhleb.
Makhleb was extremely pleased with you.
You were not hungry.

You visited 1 branch

Inventory:

Hand Weapons
 l - the +∞ Axe of Woe (weapon)
   (You found it in the Dungeon)
Missiles
 d - 3 throwing nets (quivered)
Armour
 b - a +0 leather armour (worn)
 c - a +0 hat (worn)
Jewellery
 a - a +30 ring of slaying (left hand)
 m - a +30 ring of slaying (right hand)
Scrolls
 k - a scroll of blinking
Potions
 e - a potion of curing
 g - a potion of heal wounds
 h - a potion of haste
 i - 2 potions of magic
 j - a potion of berserk rage
Comestibles
 f - a ration


   Skills:
 O Level 27 Fighting
 O Level 27 Axes
 O Level 27 Throwing
 O Level 27 Armour
 O Level 27 Dodging
 O Level 27 Stealth
 O Level 27 Unarmed Combat
 O Level 27 Spellcasting
 O Level 27 Invocations


You had 75 spell levels left.
You didn't know any spells.
Your spell library was empty.

Dungeon Overview and Level Annotations

Branches:
Dungeon (1/1)

Altars:
Makhleb

Annotations:
D The Servant


Innate Abilities, Weirdness & Mutations

You reflexively headbutt those who attack you in melee.
You have a pair of horns on your head.


Message History

Your Executioner hits the destroyer.
You hear a shout!
An orc and 2 ogres come into view.
The bag of meat shouts!
The meat berserker shouts!
You hear a shout!
Your Executioner barely misses the destroyer.
Your Executioner completely misses the destroyer.
Your Executioner hits the destroyer but does no damage.
You hear a shout! x4
A bag of meat comes into view. It is wielding a +9 war axe.
You hear a shout!
The destroyer blinks!
You hear a shout!
A bag of meat comes into view. It is wielding a +9 war axe.
Your Executioner hits the destroyer!!
Your Executioner barely misses the destroyer.
Your Executioner hits the destroyer.
The destroyer hits you with a +9 great sword of slicing!!!!!
Ouch! That really hurt!
* * * LOW HITPOINT WARNING * * *
You die...

..oo.......
...O......
#.......#
#.......# .
.###.....).###...
......###).......
......)_VoO......
....#.).).#......
. #_12@_#......
#§.V..# .....
.....@_.V.§.oO..
......###........
o###.. ...###Oo.
#.. ..# o #.. ..#
.. ...


You could see The Servant, 3 destroyers, 2 meat berserkers, 3 bags of meat, a
friendly Executioner and a friendly blizzard demon.

Vanquished Creatures
  2 vampire knights (D)
  10 ogres (D)
  14 orcs (D)
26 creatures vanquished.

Notes
Turn   | Place    | Note
-------+----------+-------------------------------------------
     0 | D        | Found the +∞ Axe of Woe
     0 | D        | CedricTheThird the Minotaur Gladiator began the quest for
                  | the Orb.
     0 | D        | Reached XP level 1. HP: 18/18 MP: 0/0
     2 | D        | Noticed a bag of meat
     2 | D        | Noticed a bag of meat
     5 | D        | Became a worshipper of Makhleb the Destroyer
     5 | D        | Noticed a bag of meat
     6 | D        | Noticed a bag of meat
     7 | D        | Noticed a bag of meat
     8 | D        | Killed a bag of meat
     8 | D        | Reached skill level 27 in Axes
     8 | D        | Reached XP level 2. HP: 41/41 MP: 1/1
     8 | D        | Reached XP level 3. HP: 48/48 MP: 2/2
     8 | D        | Reached XP level 4. HP: 56/56 MP: 3/3
     8 | D        | Reached XP level 5. HP: 62/62 MP: 4/4
     8 | D        | Reached XP level 6. HP: 70/70 MP: 5/5
     8 | D        | Reached XP level 7. HP: 75/75 MP: 6/6
     8 | D        | Reached XP level 8. HP: 83/83 MP: 7/7
     8 | D        | Reached XP level 9. HP: 90/90 MP: 8/8
     8 | D        | Reached XP level 10. HP: 97/97 MP: 9/9
     8 | D        | Reached XP level 11. HP: 104/104 MP: 10/10
     8 | D        | Noticed a meat berserker
     8 | D        | Noticed a meat berserker
     9 | D        | Killed a bag of meat
     9 | D        | Reached * piety under Makhleb
     9 | D        | Reached XP level 12. HP: 84/127 MP: 11/11
    10 | D        | Killed a bag of meat
    10 | D        | Reached XP level 13. HP: 143/143 MP: 12/12
    11 | D        | Noticed a bag of meat
    12 | D        | Killed a meat berserker
    12 | D        | Reached XP level 14. HP: 163/163 MP: 13/13
    12 | D        | Killed a bag of meat
    12 | D        | Reached ** piety under Makhleb
    12 | D        | Reached skill level 27 in Fighting
    12 | D        | Reached XP level 15. HP: 174/174 MP: 14/14
    13 | D        | Noticed a meat berserker
    13 | D        | Noticed a meat berserker
    13 | D        | Noticed a meat berserker
    14 | D        | Noticed a meat berserker
    15 | D        | Killed a meat berserker
    15 | D        | Reached skill level 15 in Armour
    15 | D        | Reached skill level 27 in Dodging
    15 | D        | Killed a meat berserker
    15 | D        | Reached XP level 16. HP: 183/183 MP: 15/15
    15 | D        | Noticed a meat berserker
    15 | D        | Noticed a meat berserker
    19 | D        | Killed a meat berserker
    19 | D        | Reached *** piety under Makhleb
    19 | D        | Reached XP level 17. HP: 116/191 MP: 16/16
    19 | D        | Killed a meat berserker
    19 | D        | Reached skill level 27 in Armour
    20 | D        | Reached skill level 5 in Spellcasting
    22 | D        | Killed a meat berserker
    22 | D        | Reached **** piety under Makhleb
    22 | D        | Reached XP level 18. HP: 200/200 MP: 16/30
    23 | D        | Noticed a meat berserker
    23 | D        | Noticed a destroyer
    24 | D        | Killed a meat berserker
    24 | D        | Reached skill level 27 in Stealth
    24 | D        | Killed a meat berserker
    24 | D        | Reached XP level 19. HP: 207/207 MP: 16/36
    25 | D        | Reached skill level 15 in Spellcasting
    26 | D        | Reached ***** piety under Makhleb
    29 | D        | Reached XP level 20. HP: 216/216 MP: 17/40
    29 | D        | Killed a meat berserker
    29 | D        | Reached skill level 27 in Unarmed Combat
    30 | D        | Noticed a destroyer
    30 | D        | Reached skill level 27 in Invocations
    31 | D        | Noticed a meat berserker
    32 | D        | Noticed a large bag of meat
    32 | D        | Noticed a destroyer
    33 | D        | Reached skill level 10 in Throwing
    33 | D        | Reached XP level 21. HP: 194/224 MP: 18/48
    33 | D        | Killed a destroyer
    33 | D        | Reached ****** piety under Makhleb
    34 | D        | Reached skill level 27 in Spellcasting
    34 | D        | Noticed a destroyer
    35 | D        | Noticed The Servant
    35 | D        | Noticed a destroyer
    37 | D        | Killed a destroyer
    37 | D        | Reached skill level 27 in Throwing
    37 | D        | Reached XP level 22. HP: 233/233 MP: 19/52
    38 | D        | Mangled by a destroyer

Skill      XL: |  1  2  3  4  5  6  7  8  9 10 11 12 13 14 15 16 17 18 19 20 21 |
---------------+----------------------------------------------------------------+-----
Axes           | 27 | 27.0
Fighting       | 11 18 21 25 27 | 27.0
Dodging        | 11 16 20 24 26 27 | 27.0
Armour         | 21 25 27 | 27.0
Stealth        | 17 20 26 27 | 27.0
Unarmed Combat | 13 20 25 27 | 27.0
Spellcasting   | 9 14 17 24 27 | 27.0
Invocations    | 12 19 23 27 | 27.0
Throwing       | 10 27 | 27.0

Action                   |  1- 3 |  4- 6 |  7- 9 | 10-12 | 13-15 | 16-18 | 19-21 | 22-24 || total
-------------------------+-------+-------+-------+-------+-------+-------+-------+-------++-------
Melee: Executioner's axe |     1 |       |       |     2 |     2 |     4 |     9 |       ||    18
Invok: Greater Servant o |       |       |       |       |       |       |     2 |       ||     2
